 Dungeon Crawl Stone Soup version 0.27-a0-1200-g94dc6ad4cf (webtiles) character file.

Game seed: 13477684440500521528

184 Conn the Firebug (level 5, -4/28 HPs)
             Began as a Deep Elf Fire Elementalist on May 30, 2021.
             Killed by divine providence
             ... invoked by an orc priest
              (14 damage)
             ... on level 5 of the Dungeon.
             The game lasted 00:09:26 (3295 turns).

Conn the Firebug (Deep Elf Fire Elementalist)       Turns: 3295, Time: 00:09:27

Health: -4/28      AC:  3    Str:  5    XL:     5   Next: 36%
Magic:  13/13      EV: 13    Int: 21    God:
Gold:   136        SH:  0    Dex: 15    Spells: 1/12 levels left

rFire    . . .     SeeInvis .   i - +0 short sword
rCold    . . .     Faith    .   (no shield)
rNeg     . . .     Spirit   .   a - +0 robe
rPois    .         Reflect  .   (no helmet)
rElec    .         Harm     .   (no cloak)
rCorr    .         Rampage  .   n - +0 pair of gloves
Will     .....                  (no boots)
Stlth    ++........             (no amulet)
HPRegen  0.09/turn              (no ring)
MPRegen  0.13/turn              (no ring)

@: no status effects
A: no striking features
a: no special abilities


You were on level 5 of the Dungeon.
You visited 1 branch of the dungeon, and saw 5 of its levels.

You collected 136 gold pieces.

Inventory:

Hand Weapons
 b - a +0 mace
 i - a +0 short sword (weapon)
Missiles
 f - 6 javelins (quivered)
Armour
 a - a +0 robe (worn)
 n - a +0 pair of gloves (worn)
Magical Staves
 j - a staff of earth
Scrolls
 e - 4 scrolls of identify {unknown}
 m - a scroll of amnesia {unknown}
Potions
 g - a potion of curing {unknown}
 h - a potion of ambrosia {unknown}
 k - a potion of attraction {unknown}
 l - a potion of resistance {unknown}
 o - a potion of lignification {unknown}


   Skills:
 + Level 2.9 Dodging
 + Level 2.8 Stealth
 * Level 4.2 Spellcasting
 * Level 2.6 Conjurations
 * Level 5.3 Fire Magic


You had one spell level left.
You knew the following spells:

 Your Spells              Type           Power      Damage    Failure   Level
a - Foxfire               Conj/Fire      84%        2x1d8     2%          1
b - Conjure Flame         Conj/Fire      21%        6-21      7%          3
c - Inner Flame           Hex/Fire       15%        N/A       12%         3
d - Sticky Flame          Conj/Fire      21%        2d4       22%         4

Your spell library contained the following spells:

 Spells                   Type           Power      Damage    Failure   Level
 Fireball                 Conj/Fire      10%        3d6       54%         5


Dungeon Overview and Level Annotations

Branches:
Dungeon (5/15)
 Temple: D:4-7

Altars:
Ru

Shops:
D:3 =

Annotations:
D:5 Ijyb


Message History

3 gnolls come into view.
A gnoll is wielding a +0 flail of protection.
The gnoll shouts!
Casting: Foxfire (safe; 2% risk of failure)
Confirm with . or Enter, or press ? or * to list all spells.
Okay, then.
You open the door.
Found 9 gold pieces and 12 stones.
There is an open door here.
You see here 12 stones.
Found a scroll labelled JUDIRPH BUTZ.
There is an open door here.
The gnoll hits you with a +0 flail! The gnoll misses you.
There is a stone staircase leading down here.
You climb downwards.
An ogre and Ijyb come into view.
Ijyb is wielding a +0 dagger and carrying a wand of flame (14).
The ogre shouts!
Ijyb shouts!
You hear a shout!
Found 22 sling bullets.
There is a stone staircase leading up here.
An adder comes into view.
Found a stone staircase leading down.
Found a metallic sapphire potion.
There is a stone staircase leading up here.
Found 9 gold pieces.
Found a stone staircase leading down.
The ogre hits you with a +0 giant club!
An orc comes into view. It is wielding a +0 flail.
An orc comes into view. It is wielding a +0 trident.
The orc shouts!
You hear a shout!
A shadow imp comes into view.
The adder closely misses you.
Found an iron ring.
An orc and an orc priest come into view.
An orc wizard comes into view. It is wielding a +0 dagger.
The orc priest mumbles some strange prayers to Beogh against you.
Beogh smites you!
Ouch! That really hurt!
You die...

.......#.#...<..........
.......#...#(S..........
#... #.....#..####..#...
#..###...##..# ...###.
#....#.####... .!..# #
##.....O## ##.......#
.......S.#=#.........
#..##.......##...#..##
#. ##.@.......#
..o...>..##...##
o.5o.##.## #..# o....
... #.# ..o. ..# .# ...
.... . ... .... .....


You could see an ogre, an orc priest, an orc wizard, an adder, a shadow imp
(wandering) and 3 orcs.

Vanquished Creatures
  A jelly (D:3)
  Terence (D:3)
  An orc wizard (D:3)
  5 adders
  4 worms
  2 dart slugs (D:2)
  An orc (D:4)
  3 endoplasms (D:2)
  2 giant cockroaches
  5 goblins
  4 hobgoblins
  6 ball pythons
  3 bats
  A frilled lizard (D:2)
  A jackal skeleton (D:4)
  7 kobolds
47 creatures vanquished.

Vanquished Creatures (others)
  207 foxfires
207 creatures vanquished.

Grand Total: 254 creatures vanquished

Notes
Turn   | Place    | Note
-------+----------+-------------------------------------------
     0 | D:1      | Conn the Deep Elf Fire Elementalist began the quest for the
                  | Orb.
     0 | D:1      | Reached XP level 1. HP: 10/10 MP: 6/6
   588 | D:2      | Reached skill level 4 in Fire Magic
   588 | D:2      | Reached XP level 2. HP: 15/15 MP: 4/8
   639 | D:2      | Reached XP level 3. HP: 18/19 MP: 4/9
   680 | D:2      | Found a faded altar of an unknown god.
  1270 | D:2      | Learned a level 3 spell: Conjure Flame
  1274 | D:2      | Learned a level 3 spell: Inner Flame
  1645 | D:3      | Found Oxoppod's Jewellery Shop.
  1663 | D:3      | Noticed Terence
  1832 | D:3      | Reached XP level 4. HP: 23/24 MP: 6/11
  1962 | D:3      | Found a sacrificial altar of Ru.
  1970 | D:3      | Reached skill level 5 in Fire Magic
  2229 | D:3      | Reached XP level 5. HP: 28/28 MP: 8/12
  2626 | D:3      | Killed Terence
  2818 | D:4      | Identified a scroll of acquirement
  2818 | D:4      | Acquired Sif Muna's Papyrus of Aerial Heat
  3126 | D:3      | Learned a level 4 spell: Sticky Flame
  3270 | D:5      | Entered Level 5 of the Dungeon
  3270 | D:5      | Noticed Ijyb
  3270 | D:5      | Noticed an ogre
  3295 | D:5      | Killed from afar by an orc priest

Illustrated notes

Levels and vault maps discovered:
D:1:      dpeg_arrival_rooms_a, layout_basic, minmay_misc_feat_diagonals
D:2:      wander_river, layout_basic, hellmonk_ecumenical_altar_crossroads
D:3:      layout_basic, nicolae_ru_great_annihilating_truth, serial_shops, shop,
          serial_glass, glass_columns_b, glass_columns_a, glass_columns_b,
          glass_columns_c, uniq_terence
D:4:      layout_gridville, amcnicky_altar_gilded
D:5:      layout_cave_pools, uniq_menkaure, uniq_pikel, uniq_ijyb

Skill      XL: |  1  2  3  4  5 |
---------------+----------------+-----
Fire Magic     | 4 5 |  5.3
Conjurations   | 2 |  2.6
Spellcasting   | 4 |  4.2
Dodging        | |  2.9
Stealth        | |  2.8

Action                   |  1- 3 |  4- 6 || total
-------------------------+-------+-------++-------
Melee: Mace              |     2 |       ||     2
       Short sword       |       |     1 ||     1
Throw: Javelin           |       |     6 ||     6
 Cast: Foxfire           |    73 |    50 ||   123
       Conjure Flame     |     1 |     3 ||     4
  Use: Scroll            |       |     1 ||     1
       Potion            |       |     1 ||     1
 Stab: Sleeping          |       |     1 ||     1
Armor: Robe              |     1 |     6 ||     7
Dodge: Dodged            |    13 |    22 ||    35

Table legend: (Time is in decaauts)
 A = Elapsed time spent in this place.
 B = Non-inter-level travel time spent in this place.
 C = Inter-level travel time spent in this place.
 D = Time resting spent in this place.
 E = Time spent auto-exploring this place.
 F = Levels seen in this place.
 G = Mean time per level.
                   A        B        C        D        E       F      G
               +--------+--------+--------+--------+--------+-----+--------+
         Total |   3323 |   3255 |     68 |    473 |   1719 |   5 |  664.6 |
       Dungeon |   3323 |   3255 |     68 |    473 |   1719 |   5 |  664.6 |
               +--------+--------+--------+--------+--------+-----+--------+

Top non-repeatable levels by time:
     D:3: 1509 daAuts
     D:2: 1132 daAuts
     D:1: 517 daAuts
     D:4: 138 daAuts
     D:5: 24 daAuts
